 Dungeon Crawl Stone Soup version 0.30.1-11-g7821555f0a (webtiles) character file.

Game seed: 8354735831097851229

424 Okkudo the Cleaver (level 6, -1/57 HPs)
             Began as a Hill Orc Monk on Dec 4, 2023.
             Succumbed to a gnoll bouda's poison
             ... on level 3 of the Dungeon.
             The game lasted 00:08:02 (3188 turns).

Okkudo the Cleaver (Hill Orc Monk)                  Turns: 3188, Time: 00:08:03

Health: -1/57      AC:  8    Str: 16    XL:     6   Next: 96%
Magic:  6/6        EV:  7    Int: 10    God:
Gold:   201        SH:  0    Dex: 13    Spells: 5/5 levels left

rFire   . . .        a - +0 hand axe
rCold   . . .        d - orb {light}
rNeg    . . .        c - +0 chain mail
rPois   .            (no helmet)
rElec   .            (no cloak)
rCorr   .            (no gloves)
SInv    .            (no boots)
Will    .....        (no amulet) Stlth
                     (no ring)
HPRegen 0.29/turn    (no ring)
MPRegen 0.10/turn

%: no passive effects
@: lethally poisoned (-1 -> -16), glowing
A: no striking features
a: no special abilities


You were on level 3 of the Dungeon.
You visited 1 branch of the dungeon, and saw 4 of its levels.

You collected 201 gold pieces.

Inventory:

Hand Weapons
 a - a +0 hand axe (weapon)
 l - a +0 scythe
Armour
 c - a +0 chain mail (worn)
 d - an orb of light (worn)
Scrolls
 f - 3 scrolls of identify {unknown}
 g - 2 scrolls of immolation {unknown}
 j - a scroll of teleportation {unknown}
 k - a scroll of butterflies {unknown}
Potions
 b - 2 potions of might {unknown}
 e - a potion of curing {unknown}
 h - a potion of heal wounds {unknown}
 i - a potion of flight {unknown}
 m - a potion of lignification {unknown}
 n - a potion of degeneration {unknown}


   Skills:
 + Level 6.0 Fighting
 * Level 8.5 Axes
 - Level 2.4 Dodging


You had 5 spell levels left.
You didn't know any spells.
Your spell library contained the following spells:

 Spells                   Type           Power      Damage    Failure   Level
 Summon Small Mammal      Summ           0%         N/A       99%         1
 Ensorcelled Hibernation  Hex/Ice        0%         N/A       100%        2
 Call Canine Familiar     Summ           0%         N/A       100%        3
 Portal Projectile        Hex/Tloc       0%         N/A       100%        3
 Spider Form              Tmut/Pois      0%         N/A       100%        3
 Summon Guardian Golem    Hex/Summ       0%         N/A       100%        3
 Anguish                  Hex/Necr       0%         N/A       100%        4
 Leda's Liquefaction      Hex/Erth       0%         N/A       100%        4


Dungeon Overview and Level Annotations

Branches:
Dungeon (4/15)
 Temple: D:4-7

Altars:

Shops:
D:3 [!


Message History

You are more poisoned.
You feel very sick.
You feel sick.
You feel sick.
Your attacks no longer feel as feeble.
You feel sick.
The gnoll is no longer moving quickly.
Things that are here:
a +0 whip; an orc skeleton You feel sick.
There is a stone staircase leading up here.
You feel sick.
The gnoll bouda gazes fiercely through you!
You feel your attacks grow feeble.
The gnoll bouda hits you with a +0 whip of venom.
You are more poisoned.
The gnoll closely misses you.
You climb upwards.
You feel very sick.
There is a stone staircase leading down here.
You hit the gnoll bouda.
The gnoll bouda is heavily wounded.
You feel sick.
The gnoll bouda hits you with a +0 whip of venom!
* * * LOW HITPOINT WARNING * * *
You barely miss the gnoll bouda.
The gnoll bouda is heavily wounded.
You feel sick.
The gnoll bouda hits you with a +0 whip of venom.
* * * LOW HITPOINT WARNING * * *
You barely miss the gnoll bouda.
The gnoll bouda is heavily wounded.
Your attacks no longer feel as feeble.
You feel sick.
The gnoll bouda hits you with a +0 whip of venom.
* * * LOW HITPOINT WARNING * * *
You feel sick.
The gnoll bouda attacks as you move away!
The gnoll bouda hits you with a +0 whip of venom.
* * * LOW HITPOINT WARNING * * *
You are lethally poisoned!
You die...

# ##### ######### # ###
####...#####........
##########.###..++'...)##.#......
.......##.#.#...'∩+.##.##.#.###..
######...###..#.+++.##.##.#.#....
# #...## ##.......##.##.#.#.#.. #
#....###.##................<.
##....#.####.#..##.#.####.###
##.##.## #@#..<#.#.# #.# #.####
#.......#.# #.### #.# ###g#.###.#
#.... ##'## ###.......# #####
##..)## #.........# # ##.....##
#.###.###.# ### ##....[..##
#..##.# #.# ##.#
###.........####...#.###.#####...
..'.........+....................


You could see a gnoll bouda.

Vanquished Creatures
  Sigmund (D:3)
  A scorpion (D:3)
  A jelly (D:3)
  A hound (D:3)
  3 gnolls (D:4)
  4 adders
  2 worms
  A dart slug (D:1)
  2 orcs (D:4)
  3 ball pythons
  8 endoplasms
  4 giant cockroaches
  6 goblins
  5 hobgoblins
  2 jackals (D:3)
  4 quokkas
  4 bats
  2 frilled lizards
  4 kobolds
  5 rats
63 creatures vanquished.

Notes
Turn   | Place    | Note
-------+----------+-------------------------------------------
     0 | D:1      | Okkudo the Hill Orc Monk began the quest for the Orb.
     0 | D:1      | Reached XP level 1. HP: 19/19 MP: 1/1
   220 | D:1      | Reached XP level 2. HP: 25/27 MP: 2/2
   497 | D:1      | Reached skill level 5 in Axes
   702 | D:1      | Reached XP level 3. HP: 29/33 MP: 3/3
  1969 | D:3      | Reached XP level 4. HP: 41/41 MP: 4/4
  1974 | D:3      | Found Zixoykku's Antique Armour Emporium.
  2004 | D:3      | Noticed Sigmund
  2028 | D:3      | Killed Sigmund
  2029 | D:3      | Reached skill level 5 in Fighting
  2029 | D:3      | Reached skill level 7 in Axes
  2029 | D:3      | Reached XP level 5. HP: 35/48 MP: 5/5
  2029 | D:3      | Reached XP level 6. HP: 40/56 MP: 6/6
  2292 | D:3      | Reached skill level 8 in Axes
  2417 | D:3      | Found Belugoav's Distillery.
  3188 | D:3      | Succumbed to a gnoll bouda's poison

Illustrated notes

Levels and vault maps discovered:
D:1:      giann_horns, layout_loops_ring, dk_noncrumbling_4,
          minmay_misc_feat_iff
D:2:      minmay_alternating_diamond, layout_loops_corners
D:3:      layout_loops_corners, serial_shops, nicolae_shop_tiny_real_fake_doors,
          nicolae_shop_hallway_stairs, uniq_sigmund
D:4:      layout_cave_pools, ebering_ghost_reflecting_pool, serial_shops, shop,
          minmay_checkerbox

Skill      XL: |  1  2  3  4  5  6 |
---------------+-------------------+-----
Fighting       | 4 5 6 |  6.0
Axes           | 5 7 8 |  8.5
Dodging        | |  2.4

Action                     |  1- 3 |  4- 6 || total
---------------------------+-------+-------++-------
  Melee: Hand axe          |   119 |   104 ||   223
    Use: Potion            |     1 |       ||     1
 Armour: Robe              |    18 |       ||    18
         Chain mail        |    24 |    49 ||    73
  Dodge: Dodged            |    71 |    33 ||   104
